 Dungeon Crawl Stone Soup version 0.14.1-26-g5a19342 (webtiles) character file.

8409 MRaven the Cruncher (level 11, -15/75 HPs)
             Began as a Demonspawn Abyssal Knight on July 19, 2014.
             Was the Champion of Lugonu.
             Demolished by a black mamba (22 damage)
             ... on Level 3 of the Lair of Beasts on July 20, 2014.
             The game lasted 01:09:37 (10840 turns).

MRaven the Cruncher (Demonspawn Abyssal Knight)    Turns: 10840, Time: 01:09:37

HP -15/75        AC 19     Str 15      XL: 11   Next:  3%
MP   0/22        EV  4     Int 19      God: Lugonu [******]
Gold 443         SH  0     Dex 15      Spells:  0 memorised, 10 levels left

rFire  . . .     SeeInvis .     c - +2 quarterstaff (chaos)
rCold  . . .     Clarity  .     H - +2 plate armour {rPois}
rNeg   . . .     Conserve .     (no shield)
rPois  +         rCorr    .     (helmet restricted)
rElec  .         rRot     .     g - +2 cloak
SustAb . .       Spirit   +     (no gloves)
rMut   .         Warding  .     l - +0 pair of boots (curse)
Saprov . . .     Stasis   .     s - amulet of rage
MR     .....                    b - +5 ring of intelligence
                                e - +2 ring of dexterity

@: lethally poisoned, not resistant to hostile enchantments, extremely
unstealthy
A: horns 2, powered by death 2, magic shield, magic regeneration
a: Depart the Abyss, Bend Space, Banish, Corrupt, Enter the Abyss, Renounce
Religion, Evoke Berserk Rage


You were on level 3 of the Lair of Beasts.
You worshipped Lugonu.
Lugonu was exalted by your worship.
You were hungry.

You visited 2 branches of the dungeon, and saw 11 of its levels.
You visited the Abyss 1 time.

You collected 443 gold pieces.

Inventory:

Hand weapons
 a - a +1,+2 spear
 c - a +2,+2 quarterstaff of chaos (weapon)
Missiles
 d - 3 tomahawks of returning (quivered)
Armour
 g - a +2 cloak (worn)
 l - a cursed +0 pair of boots (worn)
 z - a +1 robe of resistance
 F - a +2 robe of cold resistance
 H - a +2 plate armour of poison resistance (worn)
Magical devices
 o - a wand of cold (0)
 v - a wand of teleportation (0)
 w - a wand of cold (1)
 E - a wand of heal wounds (3)
 N - a wand of fire (1)
Comestibles
 m - 7 meat rations
 r - 2 bread rations
 C - 3 royal jellies
Scrolls
 k - 2 scrolls of blinking
 p - 2 scrolls of teleportation
 u - 2 scrolls of identify
 y - 2 scrolls of amnesia
 A - a scroll of magic mapping
 B - 5 scrolls of remove curse
 K - a scroll of immolation {unknown}
 L - 2 scrolls of recharging
 M - 2 scrolls of fog {unknown}
Jewellery
 b - a +5 ring of intelligence (right hand)
 e - a +2 ring of dexterity (left hand)
 n - an uncursed ring of positive energy
 q - an uncursed ring of poison resistance
 s - an amulet of rage (around neck)
Potions
 f - a potion of heal wounds
 h - 6 potions of brilliance
 i - 2 potions of restore abilities
 j - a potion of flight
 t - a potion of magic {unknown}
 x - 6 potions of curing
 I - 2 potions of porridge
Books
 D - a book of Summonings

   Spells                             Type                      Level
   Abjuration                         Summoning                    3
   Recall                             Summoning/Translocation      3
   Summon Elemental                   Summoning                    4
   Shadow Creatures                   Summoning                    5
   Summon Demon                       Summoning                    5
   Monstrous Menagerie                Summoning                    6


   Skills:
 - Level 3.0 Fighting
 - Level 3.3 Polearms
 * Level 10.7 Staves
 + Level 6.3 Armour
 - Level 5.8 Dodging
 - Level 7.7 Invocations
 + Level 6.1 Evocations


You had 10 spell levels left.
You didn't know any spells.

Dungeon Overview and Level Annotations

Branches:
Dungeon (8/15)             Temple (0/1) D:7            Lair (3/8) D:8
  Snake (0/5) Lair:3
  Swamp: Lair:3-6    Shoals: Lair:3-6    Spider: Lair:3-6

Altars:
Nemelex Xobeh

Shops:
D:4 (


Innate Abilities, Weirdness & Mutations

You have a pair of horns on your head.
You can steal the life force of defeated enemies.
When hurt, damage is shared between your health and your magic reserves.
You regenerate magic rapidly.


Message History

Evoke which item? (* to show all) (? for menu, Esc to quit)
Zapping:
v - a wand of teleportation {zapped: 6}
Press: ? - help, Shift-Dir - straight line, f - you Nothing appears to happen.
The black mamba completely misses you. The black mamba barely misses you.
The black mamba bites you.
You are poisoned.
The black mamba poisons you! The black mamba barely misses you.
The black mamba bites you but does no damage.
The black mamba barely misses you. The black mamba bites you.
* * * LOW HITPOINT WARNING * * *
Read which item? (? for menu, Esc to quit)
As you read the scroll of fear, it crumbles to dust.
You assume a fearsome visage.
The ball python looks frightened!
The adder looks frightened!
The black mamba looks frightened!
The black mamba looks frightened!
The water moccasin looks frightened!
The black mamba looks frightened! x5
You feel sick. The black mamba barely misses you. The black mamba bites you!
* * * LOW HITPOINT WARNING * * *
The black mamba bites you!
You die...

##...# .## #....#
.### ......###P..###
.P..
..P....S......##....
..#....#P...>SP....#
#..# ##P.S.P.S# ..#
##.SSSS.# .
#...#....##
##S.##S.S@# #..
###..P# #... #...#
P. #.S## . #S.## #
#P..##
#....######...##
#............#
#.#####.P..###


You could see 8 black mambas, a water moccasin (fleeing), an adder (fleeing) and
a ball python (fleeing).

Vanquished Creatures
  A hydra (Lair:3)
  A griffon (Lair:2)
  An elephant (D:8)
  2 spiny frogs (Lair:1)
  Grinder (D:5)
  A merfolk (Lair:2)
  A komodo dragon (Lair:3)
  A basilisk (Lair:3)
  2 hippogriffs
  A hungry ghost (D:8)
  A necrophage (D:8)
  Menkaure (D:6)
  2 water moccasins (Lair:1)
  3 porcupines
  5 sky beasts
  2 phantoms
  An orc warrior (D:7)
  4 ogres
  A crocodile (Lair:1)
  A gnoll sergeant (D:6)
  A black bear (D:6)
  5 giant frogs
  3 giant slugs
  A wyvern zombie (D:8)
  A centaur (shapeshifter) (D:8)
  2 scorpions
  A yak skeleton (D:8)
  A centaur zombie (D:6)
  A giant frog zombie (D:5)
  3 killer bees (D:7)
  2 crimson imps
  4 jellies
  4 hounds
  4 orc priests
  Crazy Yiuf (D:2)
  A black bear zombie (D:6)
  13 orc wizards
  Natasha (D:5)
  4 worker ants
  8 sheep
  11 adders
  7 gnolls
  29 green rats
  An orc skeleton (D:5)
  A shadow imp (D:5)
  4 worms
  An adder skeleton (D:4)
  3 giant eyeballs
  2 giant geckos
  30 orcs
  7 giant cockroaches
  13 goblins
  15 hobgoblins
  4 oozes (D:8)
  5 ball pythons
  16 bats
  A giant gecko zombie (D:5)
  2 giant newts
  2 hobgoblin skeletons
  15 jackals
  10 kobolds
  2 orc zombies
  6 quokkas
  A quokka zombie (D:6)
  19 rats
  2 rat skeletons
303 creatures vanquished.

Vanquished Creatures (collateral kills)
  A basilisk (Lair:1)
  2 green rats (Lair:1)
  A bat zombie (Lair:1)
4 creatures vanquished.

Vanquished Creatures (others)
  An iguana (D:4)
  An orc wizard (D:7)
  A green rat zombie (Lair:1)
3 creatures vanquished.

Grand Total: 310 creatures vanquished

Notes
Turn   | Place    | Note
--------------------------------------------------------------
     0 | Abyss:1  | MRaven, the Demonspawn Abyssal Knight, began the quest for the Orb.
     0 | Abyss:1  | Reached XP level 1. HP: 18/18 MP: 1/1
    41 | Abyss:1  | Noticed a raiju
    43 | D:1      | Escaped the Abyss
   276 | D:1      | Acquired Lugonu's first power
   415 | D:1      | Reached skill level 1 in Dodging
   415 | D:1      | Gained mutation: When hurt, damage is shared between your health and your magic reserves. [demonic ancestry]
   415 | D:1      | Reached XP level 2. HP: 21/24 MP: 2/2
   726 | D:1      | Found a sparkling altar of Nemelex Xobeh.
  1301 | D:2      | Reached XP level 3. HP: 29/29 MP: 4/4
  1703 | D:2      | Acquired Lugonu's second power
  2076 | D:2      | Gained mutation: You have a pair of small horns on your head. [demonic ancestry]
  2076 | D:2      | Reached XP level 4. HP: 21/35 MP: 3/5
  2305 | D:2      | Noticed Crazy Yiuf
  2315 | D:2      | Killed Crazy Yiuf
  2548 | D:3      | Reached skill level 1 in Staves
  2788 | D:3      | Reached XP level 5. HP: 39/41 MP: 6/6
  2855 | D:3      | HP: 1/41 [orc priest/dagger (2)]
  3399 | D:3      | Acquired Lugonu's third power
  3697 | D:4      | Noticed an ogre
  3764 | D:4      | Reached XP level 6. HP: 47/47 MP: 6/8
  3805 | D:4      | Noticed an ogre
  3814 | D:4      | Killed an ogre
  3858 | D:4      | Found Strousiun's Antique Weapon Shoppe.
  3860 | D:4      | Noticed an ogre
  3869 | D:4      | Killed an ogre
  3869 | D:4      | Reached skill level 4 in Staves
  4179 | D:4      | Killed an ogre
  4179 | D:4      | Gained mutation: You can steal the life force of nearby defeated enemies. [demonic ancestry]
  4179 | D:4      | Reached XP level 7. HP: 47/52 MP: 7/11
  4756 | D:5      | Entered Level 5 of the Dungeon
  4943 | D:5      | Reached skill level 5 in Staves
  4956 | D:5      | Noticed Grinder
  4959 | D:5      | Paralysed by Grinder for 6 turns
  4967 | D:5      | Killed Grinder
  4967 | D:5      | Reached skill level 5 in Invocations
  4967 | D:5      | Gained mutation: You have a pair of horns on your head. [demonic ancestry]
  4967 | D:5      | Reached XP level 8. HP: 49/58 MP: 12/15
  5035 | D:5      | Reached skill level 6 in Staves
  5092 | D:5      | Acquired Lugonu's fourth power
  5374 | D:5      | Paralysed by a giant eyeball for 2 turns
  5451 | D:5      | Noticed Natasha
  5457 | D:5      | Killed Natasha
  6008 | D:6      | Noticed Menkaure
  6027 | D:6      | Killed Menkaure
  6367 | D:6      | Reached skill level 7 in Staves
  6367 | D:6      | Reached skill level 5 in Dodging
  6673 | D:6      | Acquired Lugonu's fifth power
  6837 | D:7      | Paralysed by a giant eyeball for 4 turns
  6970 | D:6      | Gained mutation: You can steal the life force of defeated enemies. [demonic ancestry]
  6970 | D:6      | Reached XP level 9. HP: 51/63 MP: 15/19
  7299 | D:7      | Found a staircase to the Ecumenical Temple.
  7373 | D:7      | Reached skill level 8 in Staves
  7734 | D:8      | Reached skill level 1 in Evocations
  7763 | D:8      | Noticed an elephant
  7799 | D:8      | Killed an elephant
  7807 | D:8      | Found a staircase to the Lair.
  7821 | D:8      | Noticed an eight-headed hydra
  7832 | D:8      | Paralysed by a giant eyeball for 4 turns
  8173 | D:8      | Reached skill level 9 in Staves
  8396 | D:8      | Gained mutation: You regenerate magic rapidly. [demonic ancestry]
  8396 | D:8      | Reached XP level 10. HP: 70/70 MP: 21/21
  8708 | Lair:1   | Entered Level 1 of the Lair of Beasts
  8959 | Lair:1   | Reached skill level 5 in Armour
  9721 | Lair:1   | Reached skill level 5 in Evocations
  9881 | Lair:2   | Reached skill level 10 in Staves
  9898 | Lair:2   | Noticed a griffon
  9963 | Lair:2   | Killed a griffon
 10704 | Lair:3   | Noticed a four-headed hydra
 10712 | Lair:3   | Killed a four-headed hydra
 10712 | Lair:3   | Reached XP level 11. HP: 55/75 MP: 17/22
 10827 | Lair:3   | Noticed a black mamba
 10833 | Lair:3   | Found a staircase to the Snake Pit.
 10833 | Lair:3   | Noticed a black mamba
 10833 | Lair:3   | Noticed a black mamba
 10833 | Lair:3   | Noticed a black mamba
 10833 | Lair:3   | Noticed a black mamba
 10834 | Lair:3   | Noticed a black mamba
 10835 | Lair:3   | Noticed a black mamba
 10835 | Lair:3   | Noticed a black mamba
 10836 | Lair:3   | HP: 3/75 [black mamba (10)]
 10840 | Lair:3   | Demolished by a black mamba

Action                   |  1- 3 |  4- 6 |  7- 9 | 10-12 || total
-------------------------+-------+-------+-------+-------++-------
Melee: Spear             |   190 |    11 |       |       ||   201
       Quarterstaff      |       |   100 |   469 |   349 ||   918
Throw: Tomahawk          |       |       |     3 |     3 ||     6
Invok: Depart the Abyss  |     1 |       |       |       ||     1
       Bend Space        |       |       |     5 |     6 ||    11
       Banish            |       |       |       |     1 ||     1
 Abil: Evoke Berserk Rag |       |     1 |       |       ||     1
Evoke: Wand              |       |     8 |    35 |    16 ||    59
  Use: Scroll            |     6 |     5 |     9 |     2 ||    22
       Potion            |       |     2 |     4 |     2 ||     8
 Stab: Sleeping          |       |     1 |       |       ||     1
       Paralysed         |       |       |     5 |     9 ||    14
       Petrifying        |       |       |     2 |     1 ||     3
       Petrified         |       |       |     1 |     1 ||     2
       Confused          |       |       |       |     2 ||     2
